 Dungeon Crawl Stone Soup version 0.29.1-4-g47bece8355 (webtiles) character file.

Game seed: 12905325418165559912

37 sanboga the Shield-Bearer (level 3, 0/23 (30) HPs)
             Began as a Formicid Fighter on Dec 1, 2022.
             Slain by a worm (3 damage)
             ... on level 1 of the Dungeon.
             The game lasted 00:01:33 (963 turns).

sanboga the Shield-Bearer (Formicid Fighter)         Turns: 963, Time: 00:01:33

HP:   0/23 (30)     AC:  7    Str: 22    XL:     3   Next: 62%
MP:   3/3           EV:  9    Int:  7    God:
Gold: 84            SH:  5    Dex: 13    Spells: 2/2 levels left

rFire   . . .      SeeInvis +   a - +0 war axe
rCold   . . .      Faith    .   c - +0 buckler
rNeg    . . .      Spirit   .   b - +0 scale mail
rPois   .          Reflect  .   (helmet unavailable)
rElec   .          Harm     .   (no cloak)
rCorr   .          Rampage  .   (no gloves)
Will    .....                   (no boots)
Stlth   ..........              (no amulet)
HPRegen 0.07/turn               (no ring)
MPRegen 0.08/turn               (no ring)

@: heavily drained
A: permanent stasis, dig shafts and tunnels, antennae 3, four strong arms
a: Dig, Shaft Self


You were on level 1 of the Dungeon.
You visited 1 branch of the dungeon, and saw 2 of its levels.

You collected 84 gold pieces.

Inventory:

Hand Weapons
 a - a +0 war axe (weapon)
Armour
 b - a +0 scale mail (worn)
 c - a +0 buckler (worn)
Scrolls
 f - a scroll of enchant armour {unknown}
 g - a scroll of acquirement {unknown}
Potions
 d - a potion of might
 e - a potion of degeneration {unknown}
 h - a potion of invisibility {unknown}


   Skills:
 + Level 3.7 Fighting
 + Level 2.5 Axes
 + Level 3.7 Armour
 + Level 4.4 Shields


You had 2 spell levels left.
You didn't know any spells.
Your spell library was empty.

Dungeon Overview and Level Annotations

Branches:
Dungeon (2/15)

Altars:


Innate Abilities, Weirdness & Mutations

You cannot be hasted, slowed, berserked, paralysed or teleported.
You can dig through walls and to a lower floor.
You have a pair of large antennae on your head. (SInv)
Your four strong arms can wield two-handed weapons with a shield.


Message History

There is a stone staircase leading up here.
The frilled lizard bites you but does no damage.
You climb upwards.
There is a stone staircase leading down here.
You slash the frilled lizard!
You kill the frilled lizard!
No target in view!
You climb downwards.
The rat barely misses you. The adder completely misses you.
The worm bites you but does no damage.
There is a stone staircase leading up here.
The adder barely misses you. The rat bites you. The worm misses you.
You climb upwards.
There is a stone staircase leading down here.
You miss the adder. You hit the worm. You closely miss the rat.
The adder bites you but does no damage. The rat bites you. The adder bites you.
The rat bites you but does no damage.
You miss the adder. You hit the worm but do no damage. You barely miss the rat.
The adder bites you but does no damage. The rat bites you. The worm bites you.
The adder bites you but does no damage.
You hit the worm.
The worm is lightly wounded.
You completely miss the rat. You closely miss the adder. The adder bites you.
The rat bites you but does no damage. The worm bites you.
The adder closely misses you. The rat barely misses you.
You hit the adder.
The adder is moderately wounded.
You hit the worm. You barely miss the rat.
The adder bites you but does no damage. The rat bites you.
* * * LOW HITPOINT WARNING * * *
The worm bites you.
* * * LOW HITPOINT WARNING * * *
The adder bites you but does no damage.
You are too injured to fight recklessly!
You hit the adder.
The adder is almost dead.
You hit the rat.
You kill the rat!
You barely miss the worm. The adder bites you but does no damage.
The worm bites you.
You die...

#.....##..### #..#.#.
#.....###...#####.##...
#.....# ###.......#..#.
#.....# #...#####..##
#.....# ##......)...##
#.†...# ##.........#.##
#.....# #..#...........
#.#######.##.........##
#.# ##@w..##.......###
#.###.S#####.......#
#.#...#####........#
#.#.###...#.##..####
##...##.........##
#...##........###
#...##........#
#...##........#
#...###.......#


You could see a worm and an adder.

Vanquished Creatures
  A dart slug (D:1)
  5 ball pythons (D:1)
  A giant cockroach (D:1)
  2 goblins (D:1)
  3 hobgoblins (D:1)
  4 jackals (D:1)
  3 quokkas
  2 bats (D:1)
  5 frilled lizards
  A kobold (D:1)
  7 rats (D:1)
34 creatures vanquished.

Notes
Turn   | Place    | Note
-------+----------+-------------------------------------------
     0 | D:1      | sanboga the Formicid Fighter began the quest for the Orb.
     0 | D:1      | Reached XP level 1. HP: 18/18 MP: 1/1
    16 | D:1      | Reached XP level 2. HP: 12/24 MP: 2/2
   354 | D:1      | Reached XP level 3. HP: 22/29 MP: 3/3
   462 | D:1      | You fall into a shaft and drop 1 floor!
   963 | D:1      | Slain by a worm

Illustrated notes

Levels and vault maps discovered:
D:1:      dpeg_arrival_rooms_a, layout_rooms
D:2:      layout_rooms

Action                   || total
-------------------------++-------
Melee: War axe           ||    92
 Abil: Dig               ||     1
Armor: Scale mail        ||    71
Dodge: Dodged            ||    75
Block: Buckler           ||    31
